 Dungeon Crawl Stone Soup version 0.32-a0-768-g0f6f1dd4b9 (webtiles) character file.

Game seed: 15807187516472036431

138446 cojito the Warrior (level 16, -43/141 HPs)
             Began as a Grey Draconian Shapeshifter on Mar 18, 2024.
             Was the Champion of Wu Jian.
             Annihilated by a hellephant (51 damage)
             ... on level 3 of the Snake Pit.
             The game lasted 01:11:05 (27602 turns).

cojito the Warrior (Grey Draconian Shapeshifter)   Turns: 27602, Time: 01:11:05

Health: -43/141    AC:  0    Str: 20    XL:     16   Next: 71%
Magic:  16/16      EV: 20    Int: 10    God:    Wu Jian [******]
Gold:   1184       SH:  5    Dex: 16    Spells: 15/15 levels left

rFire   . .          .
                       - Unarmed
rCold   . . .        b - melded +4 kite shield {reflect}
rNeg    . . .        (body armour unavailable)
rPois   .            R - melded +2 hat
rElec   .            l - melded +2 cloak
rCorr   .            A - melded +0 pair of gloves
SInv    .            I - melded +1 pair of boots "Amuschej" {rPois Dex+2}
Will    .....        J - amulet of reflection
Stlth   +            B - melded ring of willpower
HPRegen 0.43/turn    t - melded +4 ring of protection
MPRegen 0.15/turn

%: reflection
@: mighty, pig-form, weak-willed, on berserk cooldown, fragile (+50% incoming
damage), slowed, invisible, unable to read
A: fast, no casting, (mud breath), (mud-swimmer), AC +14, (amphibious), small,
unfitting armour, (cold-blooded), (cold resistance 1), frail 1, inability to
read after injury 1
a: Renounce Religion, Wall Jump, Serpent's Lash, Heavenly Storm


You were on level 3 of the Snake Pit.
You worshipped Wu Jian.
Wu Jian was exalted by your worship.
You were a filthy swine.
You visited 5 branches of the dungeon, and saw 26 of its levels.
You also visited: Volcano.

You collected 2343 gold pieces.
You spent 1159 gold pieces at shops.

Inventory:

Missiles
 q - 5 javelins
 F - 6 curare-tipped darts
Armour
 b - a +4 kite shield of reflection (melded)
 l - a +2 cloak (melded)
 A - a +0 pair of gloves (melded)
 I - the +1 pair of boots "Amuschej" (melded) {rPois Dex+2}
   (You bought it in a shop on level 9 of the Dungeon)

   Dex+2:     It affects your dexterity (+2).
   rPois:     It protects you from poison.
 R - a +2 hat (melded)
Jewellery
 t - a +4 ring of protection (melded)
 x - a ring of see invisible
 B - a ring of willpower (melded)
 J - an amulet of reflection (around neck)
 N - a ring of protection from cold
Talismans
 g - a dragon-blood talisman
 i - a blade talisman
 p - a maw talisman
 E - a granite talisman (active)
Wands
 c - a wand of mindburst (8)
 e - a wand of flame (57)
 o - a wand of warping (17)
 y - a wand of light (2)
 T - a wand of polymorph (7)
 X - a wand of charming (4)
Scrolls
 a - 5 scrolls of immolation
 f - 3 scrolls of vulnerability
 h - 10 scrolls of teleportation
 n - 2 scrolls of blinking
 r - 4 scrolls of fear
 u - a scroll of silence
 z - 3 scrolls of identify
 D - 3 scrolls of revelation
 G - a scroll of enchant weapon
 S - a scroll of fog
Potions
 m - a potion of attraction
 s - 2 potions of ambrosia
 v - 7 potions of curing
 C - 5 potions of haste
 H - 2 potions of might
 M - 5 potions of brilliance
 O - 4 potions of lignification
 Y - a potion of mutation
 Z - a potion of resistance
Miscellaneous
 d - a phantom mirror
 K - a sack of spiders
 P - a lightning rod (4/4)
 Q - a tin of tremorstones (2/2)


   Skills:
 + Level 18.0 Fighting
 + Level 12.0 Dodging
 * Level 4.3 Shields
 + Level 13.3 Unarmed Combat
 * Level 17.1 Shapeshifting


You had 15 spell levels left.
You didn't know any spells.
Your spell library contained the following spells:

 Spells                   Type           Power      Damage    Failure   Level
 Necrotise                Necr           0%         1d4       36%         1
 Sandblast                Erth           0%         2d4       36%         1
 Shock                    Conj/Air       0%         1d3       36%         1
 Slow                     Hex            0%         N/A       36%         1
 Ensorcelled Hibernation  Hex/Ice        0%         N/A       50%         2
 Scorch                   Fire           0%         2d5       50%         2
 Confusing Touch          Hex            0%         N/A       75%         3
 Fugue of the Fallen      Necr           0%         N/A       75%         3
 Inner Flame              Hex/Fire       0%         N/A       75%         3
 Passwall                 Erth           0%         N/A       75%         3
 Stone Arrow              Conj/Erth      0%         3d7       75%         3
 Summon Ice Beast         Ice/Summ       0%         N/A       75%         3
 Swiftness                Air            0%         N/A       75%         3
 Vampiric Draining        Necr           0%         2d6       75%         3
 Airstrike                Air            0%         2d(0-16)  98%         4
 Anguish                  Hex/Necr       0%         N/A       98%         4
 Brom's Barrelling Bould  Conj/Erth      0%         2d3       98%         4
 Cause Fear               Hex            0%         N/A       98%         4
 Flame Wave               Conj/Fire      0%         2d4       98%         4
 Ignite Poison            Fire/Alch      0%         N/A       98%         4
 Martyr's Knell           Necr/Summ      0%         N/A       98%         4
 Sticky Flame             Fire/Alch      0%         2d4       98%         4
 Vhi's Electric Charge    Tloc/Air       0%         N/A       98%         4
 Arcjolt                  Conj/Air       0%         1d10      100%        5
 Curse of Agony           Necr           0%         N/A       100%        5
 Irradiate                Conj/Alch      0%         3d11      100%        5
 Summon Forest            Summ/Tloc      0%         N/A       100%        5
 Summon Mana Viper        Hex/Summ       0%         N/A       100%        5
 Eringya's Noxious Bog    Alch           0%         4d6       100%        6
 Plasma Beam              Fire/Air       0%         2x1d10    100%        6
 Summon Cactus Giant      Summ           0%         N/A       100%        6
 Enfeeble                 Hex            0%         N/A       100%        7
 Monstrous Menagerie      Summ           0%         N/A       100%        7
 Summon Hydra             Summ           0%         N/A       100%        7
 Ignition                 Fire           0%         3d3       100%        8


Dungeon Overview and Level Annotations

Branches:
Dungeon (15/15)            Temple (1/1) D:5            Lair (5/5) D:11
 Shoals (0/4) Lair:2        Snake (3/4) Lair:2        Slime (0/5) Lair:5
    Orc (2/2) D:11            Elf (0/3) Orc:2        Vaults (0/5) D:13
 Depths (0/4) D:15        Volcano (visited)

Altars:
Ashenzari
Cheibriados
Dithmenos
Elyvilon
Fedhas
Gozag
Hepliaklqana
Kikubaaqudgha
Makhleb
Nemelex Xobeh
Okawaru
Qazlal
Ru
Sif Muna
Trog
Uskayaw
Vehumet
Wu Jian
Xom
Yredelemnul
Zin
The Shining One
Beogh
Lugonu

Shops:
D:3 (   D:9 [   D:10 (:?:[   D:13 =   Orc:2 =[[*   Snake:3 *

Portals:
Abyss: Lair:5 Snake:3

Annotations:
D:2 1 runed translucent door, Crazy Yiuf
D:5 2 transporters, DeathSocks's ghost, novice DEAl
D:6 1 runed translucent door, ColdPorridge's ghost, novice CoAl
D:10 2 transporters
D:11 exclusion: obsidian statue
D:14 1 runed translucent door
Lair:1 exclusion: oklob plant
Snake:2 1 runed translucent door, Ruich's ghost, adept DgSu
Snake:3 1 transporter, Usydixif's ghost, adept MDNe


Innate Abilities, Weirdness & Mutations

You are a filthy swine.
You move quickly.
Your equipment is almost entirely melded.
You are incapable of wielding weapons or throwing items.
You cannot cast spells.
((You can breathe torrents of mud.))
((You are unimpeded by mud.))
((Your dull iron-grey scales are very hard. (AC +14)))
((You are amphibious.))
You cannot fit into any form of body armour.
You are immune to poison.
((You are cold-blooded and may be slowed by cold attacks.))
((Your flesh is cold resistant. (rC+)))
You are frail. (-10% HP)
You occasionally lose the ability to read scrolls when taking damage.


Message History

* * * LOW HITPOINT WARNING * * *
You beat the glowing orange brain into a bloody pulp!!!
You kill the glowing orange brain!
The Council accepts your kill. The great orb of eyes gazes at you.
You revert to your normal fleshy form.
Your +0 pair of gloves unmelds from your body.
The +1 pair of boots "Amuschej" {rPois Dex+2} unmelds from your body.
You turn into a filthy swine.
Your +2 cloak melds into your body.
Your +2 hat melds into your body.
Your +0 pair of gloves melds into your body.
The +1 pair of boots "Amuschej" {rPois Dex+2} melds into your body.
Your +4 kite shield of reflection melds into your body.
Your ring of willpower melds into your body.
Your +4 ring of protection melds into your body.
You feel a strong urge to attack something.
You feel your anger nearly subside.
You are no longer berserk.
You are exhausted.
You feel yourself slow down.
You cannot read scrolls in your current state!
You cannot read scrolls in your current state!
You cannot read scrolls in your current state!
You cannot read scrolls in your current state!
Okay, then.
Unknown command.
Okay, then.
You cannot read scrolls in your current state!
Unknown command.
Unknown command.
Okay, then.
Unknown command.
You fade into invisibility!
You feel much better. The great orb of eyes gazes at you.
Your mind is blasted!
Ouch! That really hurt!
* * * LOW HITPOINT WARNING * * *
Unknown command.
The hellephant tramples you!!
You die...

...### #.........)...)[#####.
.....## #.....<..=.##.[÷### ##
......# ##.#...#.#.....)).####
##....##
###..#...#....###.......
##....#
#.......................
####.###.......................
#..##......####....###......
##..#...####Y.##..##.##...##
##....©#$.hG#.#©##..G#.....
##....##.##..###.#.##...##
#.....#####W.t.#..#......
#.........##2N..###......
##.........#....#........
#....###..##..©#.....#.#
#...##?##..#.#.##....#..
#..##Gx.#.##.^..##...###
#..##...###..^...#....##


You could see a hellephant (unable to see you), a cacodemon, a naga warrior, a
great orb of eyes, an apocalypse crab and Usydixif's ghost.

Vanquished Creatures
  Rupert (Lair:5)
  A lich (D:14)
  Gastronok (Lair:3)
  A tengu reaver (D:14)
  A nagaraja (Snake:1)
  An ironbound preserver (D:13)
  The ghost of PriceMaster the Reanimator, a journeyman DsNe of Gozag (D:14)
  Josephine (D:12)
  A fire dragon (Lair:5)
  The ghost of Acoak the Fighter, a journeyman DgEE (Lair:1)
  A yaktaur captain (D:14)
  A salamander tyrant (Snake:3)
  Erolcha (D:11)
  6 hydras
  5 boulder beetles
  3 two-headed ogres
  Fannar (D:10)
  5 centaur warriors
  A catoblepas (Lair:5)
  6 anacondas
  A death yak (Lair:3)
  A tengu warrior (D:13)
  3 thrashing horrors (Lair:5)
  3 orc high priests (Orc:2)
  9 naga sharpshooters
  A vampire mage (D:15)
  2 storm dragon zombies (D:15)
  Urug (Orc:1)
  6 naga warriors
  2 shock serpents
  A hell knight (Volcano)
  Nergalle (Lair:1)
  A storm dragon skeleton (D:15)
  3 salamander mystics
  A fire crab (shapeshifter) (Lair:5)
  A sea snake (Snake:2)
  9 skeletal warriors
  A glowing orange brain (Snake:3)
  4 mana vipers
  A lindwurm (Lair:5)
  2 necromancers
  3 naga ritualists
  2 large abominations (Lair:5)
  4 orc knights (Orc:2)
  5 orc sorcerers
  A deep elf pyromancer (D:14)
  2 ugly things
  5 cyclopes
  A worldbinder (Snake:3)
  Maurice (Orc:1)
  12 salamanders
  18 elephants
  3 meliai (D:15)
  A manticore (D:14)
  4 kobold blastminers (Orc:2)
  24 black mambas
  A torpor snail (Lair:3)
  A guardian serpent (Snake:3)
  2 gargoyles (Volcano)
  9 naga magi
  2 smoke demons (Lair:5)
  15 cane toads
  6 rime drakes
  An unseen horror (D:13)
  9 komodo dragons
  8 kobold demonologists
  2 yaktaurs (Volcano)
  Psyche (D:11)
  6 trolls
  3 merfolk (Lair:2)
  32 blink frogs
  A polar bear (Lair:4)
  A wolf spider simulacrum (D:14)
  Prince Ribbit (Lair:2)
  A hornet (Lair:1)
  2 raiju (Lair:5)
  2 slime creatures (Lair:5)
  A centaur simulacrum (D:14)
  A spriggan (Lair:5)
  11 wraiths
  3 vampires
  9 basilisks
  2 shadows (D:13)
  A ynoxinul (Lair:5)
  A hog (shapeshifter) (D:14)
  36 yaks
  2 fire bats (Volcano)
  5 wyverns
  A steam dragon (D:7)
  15 vampire mosquitoes
  2 chaos spawn (Lair:5)
  25 nagas
  Edmund (D:5)
  4 acid dragons
  15 water moccasins
  10 orc warriors
  2 ice beasts (D:7)
  A swamp drake (D:11)
  A black bear (Lair:1)
  2 laughing skulls (D:14)
  A crocodile (shapeshifter) (D:13)
  2 sky beasts
  11 centaurs
  2 ogres (Orc:2)
  5 boggarts (D:15)
  9 small abominations (Lair:5)
  12 wolves
  6 kobold brigands
  13 bullfrogs
  A gnoll sergeant (D:9)
  2 scorpions
  5 wights (D:7)
  9 killer bees
  An electric eel (Snake:2)
  5 howler monkeys
  7 lava snakes
  2 bombardier beetles (D:7)
  4 hounds
  6 jellies
  16 orc priests
  4 iguanas
  A sleepcap (D:6)
  Ijyb (D:3)
  A gnoll bouda (D:5)
  21 orc wizards
  Natasha (D:3)
  2 hound zombies (D:3)
  8 gnolls
  3 adders
  2 shadow imps (D:5)
  2 white imps
  4 ufetubi
  2 adder zombies (D:3)
  2 ribbon worms (D:3)
  6 dart slugs
  55 orcs
  3 ball pythons
  5 endoplasms
  4 giant cockroaches
  4 hobgoblins
  2 jackals (D:3)
  3 quokkas
  4 bats
  6 goblins
  34 kobolds
  3 rats
  A spectral goblin (D:8)
740 creatures vanquished.

Vanquished Creatures (collateral kills)
  An orc warrior (D:11)
1 creature vanquished.

Vanquished Creatures (others)
  Sonja (D:11)
  A salamander (Snake:3)
  A sky beast (D:7)
  2 orc wizards (Orc:2)
5 creatures vanquished.

Grand Total: 746 creatures vanquished

Notes
Turn   | Place    | Note
-------+----------+-------------------------------------------
     0 | D:1      | cojito the Draconian Shapeshifter began the quest for the
                  | Orb.
     0 | D:1      | Reached XP level 1. HP: 16/16 MP: 1/1
   104 | D:1      | Reached XP level 2. HP: 23/23 MP: 2/2
   541 | D:1      | Reached skill level 2 in Fighting
   630 | D:1      | Reached XP level 3. HP: 24/29 MP: 3/3
  1070 | D:2      | You fall into a shaft and drop 2 floors!
  1079 | D:5      | Entered Level 5 of the Dungeon
  1218 | D:4      | Reached XP level 4. HP: 11/37 MP: 4/4
  1460 | D:3      | Found Xuapriwn's Antique Weapon Boutique.
  1660 | D:2      | Found a runed translucent door.
  1661 | D:2      | Noticed Crazy Yiuf
  2306 | D:3      | Found a basalt altar of Yredelemnul.
  2466 | D:3      | Reached skill level 3 in Fighting
  2513 | D:3      | Noticed Natasha
  2519 | D:3      | Killed Natasha
  2520 | D:3      | Reached XP level 5. HP: 45/45 MP: 5/5
  2667 | D:3      | Noticed Ijyb
  2681 | D:3      | Killed Ijyb
  2736 | D:3      | Found a faded altar of an unknown god.
  3254 | D:4      | Noticed a sky beast
  3265 | D:4      | Killed a sky beast
  3266 | D:4      | Reached skill level 4 in Fighting
  3266 | D:4      | Reached XP level 6. HP: 45/52 MP: 6/6
  3334 | D:5      | Found an ancient bone altar of Kikubaaqudgha.
  3411 | D:5      | Found a transporter.
  3411 | D:5      | Noticed a gargoyle
  3431 | D:5      | Noticed DeathSocks's ghost (novice DEAl)
  3498 | D:5      | Found a staircase to the Ecumenical Temple.
  3556 | Temple   | Entered the Ecumenical Temple
  3569 | Temple   | Became a worshipper of the Wu Jian Council
  3620 | D:5      | Noticed Edmund
  3652 | D:5      | Killed Edmund
  3653 | D:5      | Reached skill level 5 in Shapeshifting
  3653 | D:5      | Your scales start taking on a dull iron-grey colour.
  3653 | D:5      | Reached XP level 7. HP: 31/56 MP: 7/7
  3835 | D:5      | Reached skill level 5 in Fighting
  3857 | D:5      | Found a transporter.
  4096 | D:6      | Found a runed translucent door.
  4316 | D:6      | Found a burning altar of Makhleb.
  4427 | D:6      | Noticed ColdPorridge's ghost (novice CoAl)
  4462 | D:6      | Found a shadowy altar of Dithmenos.
  4652 | D:7      | Reached XP level 8. HP: 65/70 MP: 8/8
  4683 | D:7      | Reached * piety under Wu Jian
  4731 | D:7      | Reached skill level 6 in Fighting
  4747 | D:7      | Reached skill level 5 in Unarmed Combat
  4769 | D:7      | Reached skill level 7 in Fighting
  5461 | D:7      | Reached XP level 9. HP: 79/79 MP: 9/9
  5498 | D:7      | Reached skill level 8 in Fighting
  5514 | D:7      | Reached ** piety under Wu Jian
  5519 | D:7      | Found a blossoming altar of Fedhas.
  5595 | D:7      | Found a radiant altar of Vehumet.
  5743 | D:8      | Reached skill level 5 in Dodging
  6116 | D:8      | Noticed a two-headed ogre
  6123 | D:8      | Killed a two-headed ogre
  6124 | D:8      | Reached skill level 9 in Fighting
  6458 | D:8      | Reached XP level 10. HP: 88/91 MP: 10/10
  6740 | D:8      | Found a hazy altar of Hepliaklqana.
  6897 | D:9      | Reached *** piety under Wu Jian
  6963 | D:9      | Found a sparkling altar of Nemelex Xobeh.
  7267 | D:9      | Reached skill level 10 in Fighting
  7319 | D:9      | Found Innir's Armour Shop.
  7619 | D:9      | Bought the +1 pair of boots "Amuschej" {rPois Dex+2} for
                  | 373 gold pieces
  7630 | D:10     | Entered Level 10 of the Dungeon
  7695 | D:10     | Found Went's Book Shop.
  7718 | D:10     | Found a transporter.
  7732 | D:10     | Found a corrupted altar of Lugonu.
  7732 | D:10     | Noticed a white very ugly thing
  7732 | D:10     | Noticed a red ugly thing
  7732 | D:10     | Noticed a black mamba
  7734 | D:10     | Noticed a white ugly thing
  7735 | D:10     | Noticed a black mamba
  7736 | D:10     | a black mamba changed into a troll
  7745 | D:10     | Found Nis Zuok's Magic Scroll Emporium.
  7748 | D:10     | Bought a scroll of identify for 30 gold pieces
  7748 | D:10     | Bought a scroll of identify for 30 gold pieces
  7748 | D:10     | Bought a scroll of teleportation for 45 gold pieces
  7748 | D:10     | Bought a scroll of teleportation for 45 gold pieces
  7767 | D:10     | Found Inenox's Self-Improvement Boutique.
  8036 | D:10     | Found a hide-covered altar of Uskayaw.
  8037 | D:10     | Found Zyzik's Weapon Emporium.
  8152 | D:10     | Found Heoticro's Antique Armour Boutique.
  8206 | D:10     | Found a transporter.
  8377 | D:11     | Noticed Fannar
  8425 | D:11     | Noticed a smoke demon
  8480 | D:10     | Noticed a sixfirhy
  8683 | D:11     | Reached XP level 11. HP: 77/101 MP: 11/11
  8755 | D:11     | Noticed a boulder beetle
  8770 | D:11     | Killed a boulder beetle
  8771 | D:11     | Reached skill level 11 in Fighting
  8807 | D:11     | Noticed Erolcha
  8880 | D:11     | Noticed Sonja
  8910 | D:10     | Killed Fannar
  8910 | D:10     | Reached **** piety under Wu Jian
  8911 | D:10     | Reached skill level 10 in Shapeshifting
  9205 | D:12     | Noticed Josephine
  9212 | D:12     | Gained mutation: You are frail. (-10% HP) [potion of
                  | mutation]
  9212 | D:12     | Gained mutation: You occasionally lose the ability to read
                  | scrolls when taking damage. [potion of mutation]
  9212 | D:12     | Gained mutation: Your flesh is cold resistant. (rC+)
                  | [potion of mutation]
  9228 | D:12     | Killed Josephine
  9369 | D:12     | Reached skill level 12 in Fighting
  9726 | D:12     | Noticed a boulder beetle
  9749 | D:12     | Killed a boulder beetle
  9869 | D:12     | Noticed a boulder beetle
 10025 | D:12     | Killed a boulder beetle
 10437 | D:12     | Reached XP level 12. HP: 89/101 MP: 12/12
 10543 | D:11     | Noticed a two-headed ogre
 10559 | D:11     | Killed a two-headed ogre
 10675 | D:11     | Killed Erolcha
 10699 | D:11     | Killed Sonja
 10830 | D:11     | Found a staircase to the Orcish Mines.
 10837 | D:11     | Reached ***** piety under Wu Jian
 10949 | D:11     | Noticed a two-headed ogre
 10950 | D:11     | Noticed Psyche
 10966 | D:11     | Killed a two-headed ogre
 10967 | D:11     | Reached skill level 13 in Fighting
 10975 | D:11     | Killed Psyche
 11280 | Orc:1    | Entered Level 1 of the Orcish Mines
 11306 | Orc:1    | Noticed Maurice
 11309 | Orc:2    | Entered Level 2 of the Orcish Mines
 11309 | Orc:2    | Noticed Urug
 11321 | Orc:1    | Killed Urug
 11326 | Orc:1    | Maurice stole 5 javelins
 11328 | Orc:1    | Maurice stole a ring of magical power
 11331 | Orc:1    | Killed Maurice
 11846 | Orc:2    | Found a roughly hewn altar of Beogh.
 11891 | Orc:2    | Found a dark tunnel.
 11912 | Volcano  | Entered a volcano
 12491 | Volcano  | Found a bloodstained altar of Trog.
 12491 | Volcano  | Noticed a centaur warrior
 12496 | Volcano  | Killed a centaur warrior
 13101 | Orc:2    | Found a staircase to the Elven Halls.
 13223 | Orc:2    | Noticed an orc high priest
 13223 | Orc:2    | Noticed an orc high priest
 13223 | Orc:2    | Noticed an orc high priest
 13241 | Orc:2    | Killed an orc high priest
 13242 | Orc:2    | Reached skill level 14 in Fighting
 13537 | Orc:2    | Paralysed by an orc sorcerer for 3 turns
 13630 | Orc:2    | Reached XP level 13. HP: 70/111 MP: 13/13
 13891 | Orc:2    | HP: 4/107 [orc priest/divine providence (10)]
 14239 | Orc:2    | Found Samowk's General Store.
 14296 | Orc:2    | Found Xaruemu's Armour Emporium.
 14308 | Orc:2    | Found Yropn's Jewellery Emporium.
 14310 | Orc:2    | Found Zashra Enin's Armour Boutique.
 14350 | Orc:2    | Bought a +0 cloak for 63 gold pieces
 14350 | Orc:2    | Bought a +0 pair of gloves for 63 gold pieces
 14359 | Orc:2    | Bought a ring of willpower for 325 gold pieces
 14359 | Orc:2    | Bought a scroll of identify for 26 gold pieces
 14359 | Orc:2    | Bought a potion of lignification for 39 gold pieces
 14588 | D:11     | Found a staircase to the Lair.
 14657 | Lair:1   | Entered Level 1 of the Lair of Beasts
 14944 | Lair:1   | Reached skill level 10 in Unarmed Combat
 15012 | Lair:1   | Noticed Nergalle
 15023 | Lair:1   | Killed Nergalle
 15149 | Lair:1   | Reached skill level 15 in Fighting
 15257 | Lair:1   | Found a runed translucent door.
 15622 | Lair:1   | Noticed Acoak's ghost (journeyman DgEE)
 15741 | Lair:1   | Killed Acoak's ghost
 15790 | Lair:2   | You fall into a shaft and drop 1 floor!
 15863 | Lair:3   | Noticed Gastronok
 15891 | Lair:3   | Killed Gastronok
 16014 | Lair:2   | Reached XP level 14. HP: 110/121 MP: 14/14
 16113 | Lair:2   | Noticed Prince Ribbit
 16123 | Lair:2   | Killed Prince Ribbit
 16255 | Lair:2   | Found a staircase to the Snake Pit.
 16424 | Lair:2   | Reached skill level 16 in Fighting
 16437 | Lair:2   | Found a staircase to the Shoals.
 16673 | Lair:3   | Reached ****** piety under Wu Jian
 17449 | Lair:4   | Identified the +5 broad axe "Omelette" {drain, rElec rN+
                  | Str+9 Int-3}
 17861 | Lair:5   | Entered Level 5 of the Lair of Beasts
 17887 | Lair:5   | Noticed Rupert
 18176 | Lair:5   | Reached skill level 10 in Dodging
 18414 | Lair:5   | Killed Rupert
 18459 | Lair:5   | Found a staircase to the Slime Pits.
 19343 | Lair:5   | Reached skill level 15 in Shapeshifting
 19508 | Lair:5   | Reached XP level 15. HP: 117/130 MP: 15/15
 19789 | Lair:5   | Found a corrupted altar of Lugonu.
 19789 | Lair:5   | Found a one-way gate to the infinite horrors of the Abyss.
 20358 | D:13     | Found Oseal's Jewellery Shop.
 20791 | D:13     | Found a gate to the Vaults.
 21394 | D:14     | Identified the +3 morningstar of the Spider Nest
                  | {antimagic, Int+6}
 21409 | D:14     | Reached skill level 17 in Fighting
 21455 | D:14     | Noticed PriceMaster's ghost (journeyman DsNe)
 21455 | D:14     | Noticed a lich
 21457 | D:14     | Noticed a tengu reaver
 21533 | D:14     | Found a runed translucent door.
 21596 | D:14     | Found a runed translucent door.
 21843 | D:14     | Found an iron altar of Okawaru.
 22095 | D:14     | Killed a lich
 22099 | D:14     | Killed a tengu reaver
 22392 | D:14     | Killed PriceMaster's ghost
 22604 | D:15     | Entered Level 15 of the Dungeon
 23226 | D:15     | Found a staircase to the Depths.
 24135 | Snake:1  | Entered Level 1 of the Snake Pit
 24587 | Snake:1  | Found a hazy altar of Hepliaklqana.
 24643 | Snake:1  | Noticed a nagaraja
 24654 | Snake:1  | Killed a nagaraja
 24951 | Snake:1  | Reached XP level 16. HP: 116/139 MP: 16/16
 25915 | Snake:2  | Found a hazy altar of Hepliaklqana.
 26112 | Snake:2  | Found a runed translucent door.
 26113 | Snake:2  | Found a shimmering altar of Xom.
 26113 | Snake:2  | Noticed Ruich's ghost (adept DgSu)
 26254 | Snake:3  | Reached skill level 1 in Shields
 26996 | Snake:2  | Reached skill level 18 in Fighting
 27289 | Snake:3  | Found a transporter.
 27289 | Snake:3  | Noticed Usydixif's ghost (adept MDNe)
 27290 | Snake:3  | Noticed a hellephant
 27482 | Snake:3  | Found a transporter.
 27549 | Snake:3  | Found Zuc Gets's General Store.
 27556 | Snake:3  | Bought a potion of haste for 120 gold pieces
 27601 | Snake:3  | HP: 7/141 [disintegration (75)]
 27602 | Snake:3  | Annihilated by a hellephant

Illustrated notes

Levels and vault maps discovered:
D:1:      dpeg_arrival_refuge, layout_basic, minmay_misc_feat_plants
D:2:      minmay_spotlight, layout_loops_corners, item_on_display_a,
          uniq_crazy_yiuf_cottage
D:3:      layout_loops_cross, nicolae_yredelemnul_corpse_copse, serial_shops,
          nicolae_shop_tiny_real_fake_doors, dreamdust_ecumenical_altar_grove,
          uniq_natasha, uniq_ijyb
D:4:      layout_loops_ring, st_stairs_1, nicolae_twisty_statue_hallways
D:5:      layout_loops_ring, nicolae_kikubaaqudgha_miasma_corner, temple_pool_b,
          gammafunk_ghost_arena, uniq_edmund
D:6:      layout_rooms, grunt_dithmenos_smoke, lightli_temple_of_fire,
          gammafunk_ghost_grave, kennysheep_donut
D:7:      layout_cave_pods, mainiacjoe_overflow_six_doors_small,
          minmay_ruined_shrine
D:8:      layout_loops_cross, nicolae_hepliaklqana_monster_ancestors,
          kennysheep_potato
D:9:      layout_roguey, amcnicky_altar_gilded, serial_shops,
          nicolae_shop_competitors_out_of_business, st_stairs_12, moated_statue,
          nicolae_the_louvre
D:10:     gammafunk_corrupted_shrine, layout_rooms, nicolae_uskayaw_dance_hall,
          serial_shops, nicolae_diamond_shop, shop_fountains, shop,
          nicolae_shop_behind_doors, nicolae_shop_self_help
D:11:     layout_rooms, erik_lair_dragon, erik_orc_1, minmay_protected_statue,
          uniq_sonja, uniq_fannar, uniq_erolcha, uniq_psyche
D:12:     layout_rooms, uniq_josephine
D:13:     layout_stronghold, skrybe_vaults_entry_preservation, serial_shops,
          shop
D:14:     layout_roguey, muffindrake_ghost_dual_entry,
          hellmonk_okawaru_the_only_friend_you_need
D:15:     gammafunk_depths_entry_grave, layout_basic
Temple:   nicolae_temple_ecumenical_triangle
Lair:1:   layout_chaotic_city, ebering_ghost_reflecting_pool,
          minmay_lair_oklob_bushes, st_stairs_5, grunt_megastairs_1,
          uniq_nergalle
Lair:2:   layout_cave_shapes, mainiacjoe_shoals_entry_four_pools,
          minmay_snake_entry_guardpost_small, uniq_prince_ribbit2
Lair:3:   layout_chaotic_city, grunt_megastairs_2, uniq_gastronok
Lair:4:   layout_hall_layers, infiniplex_staircase_pool
Lair:5:   hellmonk_lair_end_abyssal_woods, layout_cave_pods,
          minmay_slime_entry_pillars, hellmonk_talismancer, grunt_megastairs_3,
          uniq_rupert
Snake:1:  layout_rooms, basic_altar
Snake:2:  layout_misc_corridors, ebering_ghost_xom, basic_altar,
          grunt_megastairs_5, serial_bayou_shore_a
Snake:3:  layout_misc_corridors, serial_shops, shop,
          portal_ice_cave_entry_pillars_three, gammafunk_ghost_abyssal_escape
Orc:1:    layout_diamond_mine, gammafunk_ghost_necromancy, uniq_maurice
Orc:2:    st_orc_elflike, layout_caves, basic_altar, enter_volcano_1, uniq_urug

Skill      XL: |  1  2  3  4  5  6  7  8  9 10 11 12 13 14 15 16 |
---------------+-------------------------------------------------+-----
Dodging        | 2 3 4 5 6 7 8 9 10 11 12 | 12.0
Fighting       | 2 3 4 5 7 9 10 12 14 15 16 17 18 | 18.0
Shapeshifting  | 4 5 7 8 9 11 12 13 15 16 17 | 17.1
Unarmed Combat | 4 5 6 7 8 9 10 11 12 13 | 13.3
Shields        | 4 |  4.3

Action                     |  1- 3 |  4- 6 |  7- 9 | 10-12 | 13-15 | 16-18 || total
---------------------------+-------+-------+-------+-------+-------+-------++-------
  Melee: Unarmed           |   100 |   165 |   334 |   670 |  1079 |   300 ||  2648
         Tailslap          |    11 |    28 |    46 |   117 |   184 |    46 ||   432
         Punch             |       |     7 |    15 |    28 |    78 |    36 ||   164
         Maw               |       |       |       |       |    58 |       ||    58
         Bite              |       |       |       |       |     4 |       ||     4
  Throw: Javelin           |       |     3 |     5 |       |       |       ||     8
         Dart              |       |       |       |     4 |       |       ||     4
 Invoke: Serpent's Lash    |       |       |       |     2 |    16 |     6 ||    24
Ability: Lunge             |       |       |    13 |    45 |   101 |    23 ||   182
         Whirlwind         |       |       |    19 |    15 |    41 |    19 ||    94
         Mud Breath        |       |       |     5 |     6 |     4 |       ||    15
  Evoke: Wand              |       |     3 |     7 |    15 |       |       ||    25
         Phantom mirror    |       |       |       |       |     2 |       ||     2
         Tin of tremorston |       |       |       |       |     2 |       ||     2
         Lightning rod     |       |       |       |       |     6 |       ||     6
    Use: Potion            |     2 |     1 |     2 |    10 |     7 |     4 ||    26
         Scroll            |     1 |     4 |     4 |    20 |     9 |     4 ||    42
   Stab: Sleeping          |       |       |     1 |     1 |     2 |     1 ||     5
         Distracted        |       |       |     1 |       |       |       ||     1
         Invisible         |       |       |       |     8 |       |       ||     8
         Petrified         |       |       |       |       |     3 |       ||     3
         Petrifying        |       |       |       |       |     1 |       ||     1
 Armour: Skin              |    56 |   101 |   204 |   446 |   609 |   444 ||  1860
  Dodge: Dodged            |    35 |    87 |   155 |   359 |   544 |   293 ||  1473
  Block: Other             |       |       |       |    80 |   142 |    84 ||   306
         Reflection        |       |       |       |    10 |     7 |     8 ||    25
         Kite shield       |       |       |       |       |       |    13 ||    13
   Form: Blade             |       |       |       |     1 |     3 |       ||     4
         Dragon            |       |       |       |       |     2 |       ||     2
         Maw               |       |       |       |       |     2 |       ||     2
         Statue            |       |       |       |       |     1 |     1 ||     2

Table legend: (Time is in decaauts)
 A = Elapsed time spent in this place.
 B = Non-inter-level travel time spent in this place.
 C = Inter-level travel time spent in this place.
 D = Time resting spent in this place.
 E = Time spent auto-exploring this place.
 F = Levels seen in this place.
 G = Mean time per level.
                   A        B        C        D        E       F      G
               +--------+--------+--------+--------+--------+-----+--------+
         Total |  28328 |  26535 |   1793 |   7312 |  12263 |  27 | 1049.2 |
       Dungeon |  15274 |  14205 |   1069 |   2754 |   7902 |  15 | 1018.3 |
        Temple |     26 |      2 |     24 |      0 |      0 |   1 |   26.0 |
          Lair |   6237 |   5854 |    383 |   1595 |   2743 |   5 | 1247.4 |
     Snake Pit |   3656 |   3481 |    175 |   1514 |   1095 |   3 | 1218.7 |
  Orcish Mines |   2376 |   2235 |    141 |   1166 |    522 |   2 | 1188.0 |
       Volcano |    757 |    757 |      0 |    282 |      0 |   1 |  757.0 |
               +--------+--------+--------+--------+--------+-----+--------+

Top non-repeatable levels by time:
 Snake:2: 1919 daAuts
  Lair:5: 1876 daAuts
   Orc:2: 1578 daAuts
    D:12: 1501 daAuts
  Lair:2: 1478 daAuts
    D:11: 1377 daAuts
    D:15: 1327 daAuts
    D:14: 1293 daAuts
     D:7: 1256 daAuts
    D:10: 1186 daAuts
  Lair:1: 1156 daAuts
    D:13: 1018 daAuts
 Snake:1: 968 daAuts
     D:2: 939 daAuts
     D:8: 923 daAuts
